 Dungeon Crawl Stone Soup version 0.20-a0-443-g0464b71 (webtiles) character file.

389 Goblin1989 the Cudgeler (level 6, -3/47 HPs)
             Began as a Barachian Fighter on Jan 6, 2017.
             Slain by an ogre
             ... wielding a +0 giant club
              (17 damage)
             ... on level 4 of the Dungeon.
             The game lasted 00:23:57 (4887 turns).

Goblin1989 the Cudgeler (Barachian Fighter)         Turns: 4887, Time: 00:23:58

Health: -3/47      AC: 12    Str: 17    XL:     6   Next: 79%
Magic:  6/6        EV:  2    Int:  6    God:
Gold:   164        SH:  8    Dex: 10    Spells: 5/5 levels left

rFire  . . .     SeeInvis .     a - +0 flail
rCold  + . .     Gourm    .     j - +0 plate armour
rNeg   . . .     Faith    .     m - +0 shield
rPois  .         Spirit   .     (no helmet)
rElec  .         Reflect  .     p - +0 cloak
rCorr  +         Harm     .     (no gloves)
MR     .....                    (no boots)
Stlth  ..........               r - amulet of regeneration
                                g - ring of resist corrosion
                                c - ring of protection from cold

@: slow
A: swims, slowness 1, strong legs 1
a: Hop


You were on level 4 of the Dungeon.
You were not hungry.

You visited 1 branch of the dungeon, and saw 5 of its levels.

You collected 164 gold pieces.

Inventory:

Hand Weapons
 a - a +0 flail (weapon)
Armour
 j - a +0 plate armour (worn)
 m - a +0 shield (worn)
 p - a +0 cloak (worn)
Jewellery
 c - a ring of protection from cold (left hand)
 g - a ring of resist corrosion (right hand)
 r - an amulet of regeneration (around neck)
Scrolls
 d - a scroll of magic mapping {unknown}
 k - 2 scrolls of immolation {!r}
 n - 2 scrolls of enchant armour
 s - a scroll of fog
 B - 2 scrolls of blinking
Potions
 e - a potion of heal wounds {!q, @q2}
 h - a potion of magic
 i - a potion of haste {!q, @q3}
 u - a potion of lignification {!q}
Comestibles
 b - 3 chunks of flesh {@w0}
 f - 2 bread rations {@e1}
 t - a meat ration {@e2}


   Skills:
 - Level 3.2 Fighting
 + Level 7.0 Maces & Flails
 - Level 3.4 Armour
 - Level 3.0 Shields


You had 5 spell levels left.
You didn't know any spells.

Dungeon Overview and Level Annotations

Branches:
Dungeon (5/15)
 Temple: D:4-7

Altars:

Annotations:
D:4 anet's ghost, novice DEWz


Innate Abilities, Weirdness & Mutations

You can swim through water.
You cover ground slowly.
You can hop short distances.


Message History

The ogre hits you with a giant club!!
You take 19 damage, and have 28/47 hp.
MASSIVE DAMAGE!!
Your shield and plate armour prevent you from hitting the ogre.
You block the ogre's attack.
You hit the ogre.
The ogre is lightly wounded.
The ogre hits you with a giant club.
You take 5 damage, and have 25/47 hp.
You sock the ogre!
The ogre is heavily wounded.
The ogre hits you but does no damage.
You closely miss the ogre.
The ogre is heavily wounded.
The ogre hits you with a giant club!
* * * LOW HITPOINT WARNING * * *
You take 12 damage, and have 14/47 hp.
MASSIVE DAMAGE!!
You hit the ogre.
The ogre is severely wounded.
The ogre hits you with a giant club!
You die... █......██............. █.█......███.█████÷█████ ██████∆███∆████ █.█ █.█████ ........██.█ █.█ █...... ........██∆████ █.█ ███████

......█.....███.█
....█......██.█
███∆██..O.<.██.█
█........@█.██.█
█.█.█████....█.█ ...
█.█.██████████.█ ....
█.█..........█.███.....
████████O█████....█.█.........
█...O.........................
█.██████...............█......
█.█ ███████.[...███.█......
█.█ ..█.....█...█ ..... ██


You could see an ogre.

Vanquished Creatures
  A phantom (D:3)
  A hound (D:3)
  2 iguanas (D:4)
  3 worker ants (D:4)
  8 adders
  4 worms
  A dart slug (D:1)
  2 leopard geckos (D:2)
  An orc (D:3)
  4 giant cockroaches
  4 goblins
  8 hobgoblins
  2 jackals (D:1)
  8 kobolds
  A quokka (D:3)
  8 bats
  8 frilled lizards
  9 rats
75 creatures vanquished.

Notes
Turn   | Place    | Note
-------+----------+-------------------------------------------
     0 | D:1      | Goblin1989 the Barachian Fighter began the quest for the Orb.
     0 | D:1      | Reached XP level 1. HP: 18/18 MP: 1/1
     2 | D:1      | Sapher: новая хрень какая-то?
     2 | D:1      | Goblin1989: Ну да
     2 | D:1      | Goblin1989: разобраться надо
     2 | D:1      | Sapher: это лягушка что ли?
     2 | D:1      | Sapher: а, видел...
     2 | D:1      | Sapher: абилки смотри главное
     2 | D:1      | Goblin1989: я так понял да
     2 | D:1      | Goblin1989: ну ок!
     2 | D:1      | Goblin1989: invo +1
     2 | D:1      | Goblin1989: хорошо
     3 | D:1      | Goblin1989: скорость 1,2
     3 | D:1      | Goblin1989: плохо
   134 | D:1      | Goblin1989: так
   134 | D:1      | Goblin1989: а как тогда им пройти посейфовее?
   134 | D:1      | Sapher: да милишник табер
   134 | D:1      | Goblin1989: хепла взять, видимо попробовать нужно
   137 | D:1      | Sapher: а когда проблема прыгать нафик
   152 | D:1      | Goblin1989: кстати да, давай попробуем
   153 | D:1      | Goblin1989: почти цблинк
   153 | D:1      | Goblin1989: да, хепл не нужен будет
   153 | D:1      | Goblin1989: так
   153 | D:1      | Sapher: ну тока два раза подряд незя
   153 | D:1      | Goblin1989: а теперь посмотрим сколько это -hop держится
   153 | D:1      | Goblin1989: 184.5
   153 | D:1      | Goblin1989: 1
   169 | D:1      | Sapher: отдых нужен
   172 | D:1      | Sapher: а не бег
   204 | D:1      | Goblin1989: 242.9
   205 | D:1      | Goblin1989: 243.9
   228 | D:1      | Iwannabefree: wut
   228 | D:1      | Goblin1989: 266.9
   228 | D:1      | Iwannabefree: shto za ba
   229 | D:1      | Iwannabefree: !apt ba
   229 | D:1      | beem: Could not understand "ba"
   229 | D:1      | Goblin1989: 267.9
   229 | D:1      | Sapher: очень устает от прыжка ^_^
   242 | D:1      | Goblin1989: 280.9
   242 | D:1      | Iwannabefree: apti pokazhi
   247 | D:1      | Iwannabefree: shit/10
   247 | D:1      | Goblin1989: мне уже нравится!
   247 | D:1      | Goblin1989: он мэйсы может нормально юзать!
   247 | D:1      | Sapher: ну армор +1 как бы намекает на стиль игры
   247 | D:1      | Iwannabefree: вообще есть разница между +1 и 0?
   247 | D:1      | Goblin1989: ну как бы и маг ничего так
   247 | D:1      | Iwannabefree: >6 int
   247 | D:1      | Goblin1989: есть, конечно
   247 | D:1      | Iwannabefree: ti tam ebnulsa shtole
   247 | D:1      | Iwannabefree: kakoy mag
   247 | D:1      | Sapher: ну да...короче это зуман
   247 | D:1      | Sapher: хуман
   247 | D:1      | Goblin1989: ну это я файтером начал
   247 | D:1      | Iwannabefree: 6 base int
   248 | D:1      | Iwannabefree: 13
   294 | D:1      | Iwannabefree: s mage background
   298 | D:1      | Iwannabefree: ohuet teper
   298 | D:1      | Reached XP level 2. HP: 24/24 MP: 2/2
   671 | D:1      | Sapher: хп зато ему норм насыпали...не то, что сприган...^_^
   681 | D:1      | Reached skill level 3 in Maces & Flails
   938 | D:1      | Reached XP level 3. HP: 29/29 MP: 3/3
   939 | D:1      | Iwannabefree: u sp ev zato
   940 | D:1      | Iwannabefree: oche mnogo
   972 | D:2      | Sapher: это если ГДА не надевать ^_^
   976 | D:2      | Iwannabefree: dazhe v tyazholoy brone
   981 | D:2      | Iwannabefree: tam zhe ot size
  1689 | D:2      | Iwannabefree: rip
  1690 | D:2      | Reached skill level 4 in Maces & Flails
  1698 | D:2      | Reached XP level 4. HP: 18/35 MP: 4/4
  1699 | D:2      | Iwannabefree: pokazalos
  2790 | D:3      | Reached XP level 5. HP: 40/41 MP: 5/5
  2961 | D:3      | Reached skill level 5 in Maces & Flails
  3092 | D:4      | Noticed an ogre
  3709 | D:4      | Reached skill level 6 in Maces & Flails
  3709 | D:4      | Reached XP level 6. HP: 26/47 MP: 6/6
  3894 | D:4      | Noticed a phantom
  3894 | D:4      | Noticed a phantom
  4308 | D:4      | Noticed anet's ghost (novice DEWz)
  4349 | D:5      | Entered Level 5 of the Dungeon
  4731 | D:3      | Killed a phantom
  4827 | D:4      | Reached skill level 7 in Maces & Flails
  4881 | D:4      | Goblin1989: ??ogre
  4881 | D:4      | beem: ogre[1/6]: Ogres have low accuracy and health, but can deal a lot of damage when they hit. It is a good idea to pick them off from a distance, using poisoned projectiles. Are notable for their slow attacks with giant (spiked) clubs. If you step away after it swings, you might create a gap. See also: {two-headed ogre} {ogre mage} and Unique {Erolcha}.
  4881 | D:4      | Goblin1989: ??@ogre
  4881 | D:4      | beem: @ogre ~ ogre[1/6]: Ogres have low accuracy and health, but can deal a lot of damage when they hit. It is a good idea to pick them off from a distance, using poisoned projectiles. Are notable for their slow attacks with giant (spiked) clubs. If you step away after it swings, you might create a gap. See also: {two-headed ogre} {ogre mage} and Unique {Erolcha}.
  4881 | D:4      | Goblin1989: @??ogre
  4881 | D:4      | beem: ogre (O)
                  | Spd:
    10 | HD: 5    | HP: 23-32
                  | AC/EV: 1/6
                  | Dam: 17
                  | items, doors
                  | Res: magic(20)
                  | XP:
   119 | Sz: Large | Int: human.
  4881 | D:4      | Iwannabefree: ты же фи
  4881 | D:4      | Iwannabefree: табай
  4886 | D:4      | Iwannabefree: найс шагнул
  4887 | D:4      | Slain by an ogre

Vault maps used:
D:1:      dpeg_arrival_line_fractal
D:5:      first_bread, lemuel_flame_loot_1, uniq_eustachio, uniq_edmund

Skill      XL: |  1  2  3  4  5  6 |
---------------+-------------------+-----
Maces & Flails | 3 4 6 7 |  7.0
Fighting       | |  3.2
Armour         | |  3.4
Shields        | |  3.0

Action                   |  1- 3 |  4- 6 || total
-------------------------+-------+-------++-------
Melee: Flail             |   120 |   275 ||   395
 Abil: Hop               |     3 |     1 ||     4
  Use: Potion            |     1 |     3 ||     4
       Scroll            |       |     8 ||     8
  Eat: Chunk             |     3 |     8 ||    11
       Bread ration      |       |     1 ||     1
       Pizza             |       |     1 ||     1
Armor: Scale mail        |    59 |    18 ||    77
       Plate armour      |       |   186 ||   186
Dodge: Dodged            |    47 |    34 ||    81
Block: Shield            |    57 |   133 ||   190

Vault maps used:
D:1:      dpeg_arrival_line_fractal
D:5:      first_bread, lemuel_flame_loot_1, uniq_eustachio, uniq_edmund
